2172 views
Uploaded 2025-02-24 02:04:43
Game version 1.00 (6115)
43:49 long 1on3 custom game on (12)EmeraldGardens
Game name "AlRossJare"
Saved by Alex11Chr
2172 views
Uploaded 2025-02-24 02:04:43
Game version 1.00 (6115)
43:49 long 1on3 custom game on (12)EmeraldGardens
Game name "AlRossJare"


133 units @ 20.4k
/ 2.7k
116 buildings @ 13.7k
/ 6.8k



| Lesser Clarity Potion | 2 | 140 |
| Potion of Healing | 8 | 1200 |
| Potion of Mana | 5 | 1000 |
| Scroll of Healing | 1 | 250 |
| Scroll of Town Portal | 2 | 700 |
| Scroll of Protection | 1 | 150 |
| total: | 19 | 3440g |
| Peasant | 14 | 1050 | / | 0 |
| Footman | 3 | 405 | / | 0 |
| Rifleman | 8 | 1640 | / | 240 |
| Knight | 5 | 1225 | / | 300 |
| Priest | 17 | 2295 | / | 170 |
| total: | 47 | 6615g | / | 710w |
| Scout Tower | 21 | 630 | / | 420 |
| Guard Tower | 7 | 490 | / | 350 |
| Arcane Tower | 5 | 350 | / | 250 |
| Altar of Kings | 2 | 360 | / | 100 |
| Farm | 9 | 720 | / | 180 |
| Barracks | 1 | 160 | / | 60 |
| Lumber Mill | 1 | 120 | / | 0 |
| Blacksmith | 1 | 140 | / | 60 |
| Arcane Vault | 1 | 130 | / | 30 |
| Town Hall | 3 | 1155 | / | 615 |
| Cannon Tower | 6 | 720 | / | 600 |
| Arcane Sanctum | 1 | 150 | / | 140 |
| Workshop | 1 | 140 | / | 140 |
| Keep | 1 | 320 | / | 210 |
| Castle | 1 | 360 | / | 210 |
| total: | 41 | 3705g | / | 1745w |
| 0:04 | Peasant |
| 0:09 | Altar of Kings |
| 0:12 | Peasant |
| 0:12 | Peasant |
| 0:19 | Farm |
| 0:31 | Barracks |
| 0:41 | Peasant |
| 0:52 | Peasant |
| 1:00 | Farm |
| 1:20 | Lumber Mill |
| 1:31 | Peasant |
| 1:36 | Footman |
| 1:40 | Footman |
| 1:58 | Blacksmith |
| 2:08 | Footman |
| 2:11 | Holy Light |
| 2:24 | Farm |
| 2:33 | Improved Lumber Harvesting |
| 3:07 | Scout Tower |
| 3:21 | Arcane Vault |
| 3:27 | Peasant |
| 3:28 | Peasant |
| 3:54 | Town Hall |
| 4:03 | Peasant |
| 4:06 | Divine Shield |
| 4:18 | Guard Tower |
| 4:38 | Scout Tower |
| 4:40 | Rifleman |
| 4:41 | Rifleman |
| 5:11 | Keep |
| 5:16 | Farm |
| 5:30 | Arcane Tower |
| 5:40 | Farm |
| 5:43 | Lesser Clarity Potion |
| 5:58 | Improved Masonry |
| 6:11 | Rifleman |
| 6:21 | Scout Tower |
| 6:36 | Scout Tower |
| 6:51 | Scout Tower |
| 7:04 | Arcane Tower |
| 7:12 | Scout Tower |
| 7:13 | Peasant |
| 7:14 | Peasant |
| 7:23 | Peasant |
| 7:42 | Guard Tower |
| 7:43 | Arcane Tower |
| 7:45 | Guard Tower |
| 7:55 | Arcane Sanctum |
| 8:20 | Workshop |
| 8:30 | Potion of Healing |
| 8:31 | Potion of Healing |
| 8:31 | Potion of Mana |
| 8:34 | Storm Bolt |
| 8:36 | Long Rifles |
| 8:44 | Advanced Lumber Harvesting |
| 9:03 | Scroll of Healing |
| 9:26 | Castle |
| 9:40 | Devotion Aura |
| 9:59 | Scout Tower |
| 10:00 | Priest Adept Training |
| 10:23 | Scroll of Protection |
| 10:32 | Cannon Tower |
| 10:35 | Scout Tower |
| 11:10 | Bash |
| 11:20 | Rifleman |
| 11:20 | Rifleman |
| 11:24 | Farm |
| 11:49 | Animal War Training |
| 11:53 | Farm |
| 12:06 | Farm |
| 12:08 | Guard Tower |
| 12:11 | Advanced Masonry |
| 12:28 | Knight |
| 12:32 | Knight |
| 12:51 | Divine Shield |
| 12:59 | Farm |
| 13:01 | Potion of Mana |
| 13:01 | Potion of Healing |
| 13:02 | Potion of Mana |
| 13:02 | Potion of Healing |
| 13:04 | Lesser Clarity Potion |
| 13:09 | Rifleman |
| 13:10 | Knight |
| 13:34 | Iron Plating |
| 13:37 | Brilliance Aura |
| 14:07 | Priest Master Training |
| 14:18 | Studded Leather Armor |
| 15:03 | Priest |
| 15:03 | Priest |
| 15:03 | Priest |
| 15:03 | Priest |
| 15:05 | Priest |
| 15:19 | Storm Bolt |
| 16:00 | Priest |
| 16:04 | Steel Plating |
| 16:04 | Reinforced Leather Armor |
| 16:04 | Black Gunpowder |
| 16:07 | Summon Water Elemental |
| 17:07 | Scroll of Town Portal |
| 17:08 | Potion of Healing |
| 17:20 | Iron Forged Swords |
| 17:21 | Mithril Plating |
| 18:28 | Imbued Masonry |
| 18:32 | Priest |
| 18:42 | Potion of Healing |
| 18:42 | Potion of Mana |
| 19:07 | Dragonhide Armor |
| 19:49 | Refined Gunpowder |
| 20:25 | Scout Tower |
| 21:18 | Steel Forged Swords |
| 21:47 | Devotion Aura |
| 22:01 | Summon Water Elemental |
| 22:08 | Town Hall |
| 22:56 | Scout Tower |
| 23:17 | Priest |
| 23:18 | Priest |
| 23:19 | Knight |
| 23:20 | Rifleman |
| 23:58 | Brilliance Aura |
| 24:29 | Resurrection |
| 24:33 | Scout Tower |
| 24:34 | Guard Tower |
| 24:39 | Priest |
| 24:39 | Priest |
| 24:39 | Priest |
| 24:40 | Priest |
| 24:43 | Peasant |
| 24:43 | Peasant |
| 25:03 | Bash |
| 25:15 | Scout Tower |
| 25:16 | Cannon Tower |
| 25:44 | Imbued Gunpowder |
| 25:51 | Scout Tower |
| 25:52 | Cannon Tower |
| 26:26 | Scout Tower |
| 26:27 | Arcane Tower |
| 26:52 | Scout Tower |
| 27:18 | Guard Tower |
| 27:20 | Scout Tower |
| 28:22 | Brilliance Aura |
| 28:59 | Priest |
| 28:59 | Priest |
| 29:00 | Priest |
| 29:05 | Mithril Forged Swords |
| 29:10 | Rifleman |
| 29:11 | Knight |
| 29:32 | Scout Tower |
| 29:35 | Arcane Tower |
| 29:51 | Altar of Kings |
| 29:59 | Cannon Tower |
| 30:16 | Scout Tower |
| 30:18 | Cannon Tower |
| 30:43 | Priest |
| 30:50 | Potion of Healing |
| 32:29 | Storm Bolt |
| 32:40 | Potion of Healing |
| 32:40 | Potion of Mana |
| 32:41 | Scroll of Town Portal |
| 33:42 | Devotion Aura |
| 35:18 | Town Hall |
| 36:29 | Avatar |
| 36:31 | Mass Teleport |
| 39:47 | Divine Shield |
| 41:34 | Scout Tower |
| 42:20 | Cannon Tower |
| 42:22 | Scout Tower |
| 43:05 | Guard Tower |
| 43:09 | Scout Tower |
| Right click | 2217 |
| Select group | 1097 |
| Select | 430 |
| Build/train/purchase | 183 |
| Use ability | 64 |
| Assign group | 47 |
| Item give/drop | 5 |
| Minimap ping | 2 |
Alex11Chr
(18)
(43:46) : 


| Potion of Healing | 17 | 2550 |
| Potion of Mana | 12 | 2400 |
| Lesser Clarity Potion | 6 | 420 |
| Healing Salve | 3 | 300 |
| Orb of Lightning | 2 | 750 |
| Scroll of Speed | 2 | 100 |
| Scroll of Healing | 2 | 500 |
| Potion of Lesser Invulnerability | 1 | 150 |
| Staff of Teleportation | 1 | 150 |
| Staff of Sanctuary | 1 | 250 |
| total: | 47 | 7570g |
| Peon | 20 | 1500 | / | 0 |
| Grunt | 4 | 800 | / | 0 |
| Troll Headhunter | 5 | 700 | / | 100 |
| Troll Berserker | 13 | 1820 | / | 260 |
| Goblin Shredder | 1 | 375 | / | 100 |
| total: | 43 | 5195g | / | 460w |
| Watch Tower | 27 | 2970 | / | 2160 |
| Altar of Storms | 1 | 180 | / | 50 |
| Orc Burrow | 4 | 640 | / | 160 |
| Barracks | 2 | 360 | / | 100 |
| War Mill | 1 | 205 | / | 0 |
| Great Hall | 5 | 1925 | / | 925 |
| Voodoo Lounge | 2 | 260 | / | 60 |
| Stronghold | 1 | 315 | / | 190 |
| Fortress | 1 | 325 | / | 190 |
| total: | 42 | 6540g | / | 3455w |
| 0:04 | Peon |
| 0:05 | Peon |
| 0:07 | Altar of Storms |
| 0:19 | Orc Burrow |
| 0:34 | Peon |
| 0:36 | Barracks |
| 0:52 | Peon |
| 1:02 | Peon |
| 1:18 | Peon |
| 1:29 | Orc Burrow |
| 1:42 | Grunt |
| 2:07 | Peon |
| 2:30 | Critical Strike |
| 2:33 | Grunt |
| 2:35 | Peon |
| 3:01 | War Mill |
| 3:39 | Great Hall |
| 3:45 | Grunt |
| 3:54 | Orc Burrow |
| 4:14 | Watch Tower |
| 4:23 | Troll Headhunter |
| 4:56 | Troll Headhunter |
| 4:59 | Stronghold |
| 5:16 | Wind Walk |
| 5:26 | Watch Tower |
| 6:02 | Goblin Shredder |
| 6:24 | Troll Headhunter |
| 8:52 | Voodoo Lounge |
| 8:56 | Critical Strike |
| 9:20 | Shockwave |
| 9:31 | Fortress |
| 9:32 | Grunt |
| 9:33 | Troll Headhunter |
| 9:38 | Watch Tower |
| 9:56 | Scroll of Healing |
| 9:56 | Potion of Lesser Invulnerability |
| 9:57 | Scroll of Healing |
| 10:45 | Great Hall |
| 10:52 | Watch Tower |
| 11:08 | Wind Walk |
| 11:15 | Endurance Aura |
| 11:25 | Troll Regeneration |
| 11:27 | Berserker Strength |
| 12:23 | Potion of Healing |
| 12:23 | Potion of Healing |
| 12:23 | Potion of Mana |
| 12:23 | Potion of Mana |
| 12:24 | Potion of Healing |
| 12:25 | Lesser Clarity Potion |
| 12:32 | Watch Tower |
| 12:49 | Breath of Fire |
| 13:08 | Peon |
| 13:08 | Peon |
| 13:08 | Peon |
| 13:08 | Peon |
| 13:18 | Watch Tower |
| 13:19 | Watch Tower |
| 13:31 | Steel Armor |
| 13:34 | Berserker Upgrade |
| 13:35 | Troll Headhunter |
| 13:38 | Barracks |
| 14:43 | Reinforced Defenses |
| 14:44 | Spiked Barricades |
| 15:01 | Troll Berserker |
| 15:01 | Troll Berserker |
| 15:03 | Steel Ranged Weapons |
| 15:15 | Orc Burrow |
| 15:31 | Shockwave |
| 16:25 | Drunken Brawler |
| 17:31 | Troll Berserker |
| 18:04 | Healing Salve |
| 18:13 | Lesser Clarity Potion |
| 18:36 | Potion of Mana |
| 18:39 | Potion of Healing |
| 18:43 | Potion of Mana |
| 18:44 | Potion of Healing |
| 18:45 | Potion of Healing |
| 19:10 | Troll Berserker |
| 19:29 | Staff of Sanctuary |
| 19:41 | Thorium Ranged Weapons |
| 19:42 | Improved Spiked Barricades |
| 20:01 | Critical Strike |
| 20:22 | Troll Berserker |
| 20:24 | Thorium Armor |
| 20:55 | Troll Berserker |
| 22:57 | Potion of Mana |
| 22:57 | Potion of Healing |
| 22:57 | Potion of Mana |
| 22:58 | Potion of Healing |
| 23:13 | Breath of Fire |
| 23:17 | Bladestorm |
| 23:48 | Endurance Aura |
| 23:54 | Watch Tower |
| 25:26 | Great Hall |
| 25:28 | Watch Tower |
| 25:29 | Watch Tower |
| 25:30 | Watch Tower |
| 25:31 | Watch Tower |
| 25:42 | Troll Berserker |
| 25:43 | Troll Berserker |
| 25:43 | Troll Berserker |
| 25:43 | Troll Berserker |
| 25:43 | Troll Berserker |
| 25:43 | Troll Berserker |
| 25:44 | Arcanite Ranged Weapons |
| 25:45 | Arcanite Armor |
| 26:03 | Wind Walk |
| 26:22 | Shockwave |
| 27:22 | Drunken Brawler |
| 28:06 | Lesser Clarity Potion |
| 28:09 | Potion of Healing |
| 28:13 | Lesser Clarity Potion |
| 28:17 | Potion of Healing |
| 28:37 | Potion of Mana |
| 29:37 | Reincarnation |
| 29:50 | Voodoo Lounge |
| 29:55 | Troll Berserker |
| 30:16 | Healing Salve |
| 30:25 | Healing Salve |
| 30:37 | Lesser Clarity Potion |
| 30:41 | Potion of Healing |
| 30:45 | Lesser Clarity Potion |
| 30:54 | Potion of Mana |
| 31:01 | Potion of Healing |
| 31:08 | Potion of Healing |
| 31:08 | Potion of Healing |
| 31:09 | Potion of Mana |
| 31:11 | Orb of Lightning |
| 31:12 | Scroll of Speed |
| 31:24 | Potion of Healing |
| 31:25 | Scroll of Speed |
| 31:30 | Orb of Lightning |
| 32:02 | Peon |
| 32:02 | Peon |
| 32:02 | Peon |
| 32:02 | Peon |
| 33:38 | Mirror Image |
| 33:50 | Breath of Fire |
| 34:10 | Great Hall |
| 34:12 | Watch Tower |
| 34:13 | Watch Tower |
| 34:16 | Watch Tower |
| 34:17 | Watch Tower |
| 35:26 | Watch Tower |
| 35:27 | Watch Tower |
| 35:28 | Watch Tower |
| 35:29 | Watch Tower |
| 35:46 | Endurance Aura |
| 36:45 | Peon |
| 36:45 | Peon |
| 36:45 | Peon |
| 36:45 | Peon |
| 37:02 | Great Hall |
| 37:48 | Potion of Healing |
| 37:48 | Potion of Healing |
| 37:48 | Potion of Mana |
| 37:49 | Potion of Mana |
| 37:50 | Potion of Mana |
| 38:01 | Watch Tower |
| 38:03 | Watch Tower |
| 38:09 | Watch Tower |
| 38:11 | Watch Tower |
| 38:12 | Watch Tower |
| 39:06 | Watch Tower |
| 39:43 | Mirror Image |
| 40:23 | War Stomp |
| 40:28 | Storm Earth and Fire |
| 41:19 | Watch Tower |
| 42:35 | Staff of Teleportation |
| Right click | 618 |
| Select group | 586 |
| Select | 441 |
| Misc. action | 268 |
| Build/train/purchase | 197 |
| Use ability | 93 |
| Assign group | 42 |
| Item give/drop | 25 |
| Esc | 9 |
| Minimap ping | 8 |
| Resource trade | 5 |
| Remove unit | 1 |



| Periapt of Vitality | 1 | 325 |
| Circlet of Nobility | 1 | 175 |
| total: | 2 | 500g |
| Peasant | 10 | 750 | / | 0 |
| Footman | 4 | 540 | / | 0 |
| Rifleman | 14 | 2870 | / | 420 |
| Gryphon Rider | 12 | 3360 | / | 840 |
| Goblin Shredder | 2 | 750 | / | 200 |
| Green Drake | 1 | 365 | / | 80 |
| total: | 43 | 8635g | / | 1540w |
| Scout Tower | 10 | 300 | / | 200 |
| Arcane Tower | 2 | 140 | / | 100 |
| Guard Tower | 2 | 140 | / | 100 |
| Altar of Kings | 1 | 180 | / | 50 |
| Barracks | 1 | 160 | / | 60 |
| Farm | 14 | 1120 | / | 280 |
| Town Hall | 3 | 1155 | / | 615 |
| Blacksmith | 1 | 140 | / | 60 |
| Lumber Mill | 1 | 120 | / | 0 |
| Cannon Tower | 4 | 480 | / | 400 |
| Gryphon Aviary | 1 | 140 | / | 150 |
| Workshop | 1 | 140 | / | 140 |
| Keep | 1 | 320 | / | 210 |
| Castle | 1 | 360 | / | 210 |
| total: | 33 | 3455g | / | 1555w |
| 0:04 | Altar of Kings |
| 0:09 | Peasant |
| 0:09 | Peasant |
| 0:09 | Peasant |
| 0:41 | Barracks |
| 1:01 | Farm |
| 1:08 | Farm |
| 1:10 | Farm |
| 1:24 | Peasant |
| 1:24 | Peasant |
| 2:15 | Footman |
| 2:15 | Footman |
| 2:37 | Holy Light |
| 4:03 | Town Hall |
| 4:25 | Keep |
| 4:27 | Footman |
| 4:27 | Footman |
| 4:33 | Farm |
| 4:34 | Farm |
| 4:35 | Farm |
| 5:29 | Divine Shield |
| 6:21 | Peasant |
| 6:21 | Peasant |
| 6:22 | Peasant |
| 6:30 | Blacksmith |
| 6:34 | Scout Tower |
| 6:35 | Scout Tower |
| 6:39 | Lumber Mill |
| 7:45 | Arcane Tower |
| 7:46 | Scout Tower |
| 7:50 | Iron Forged Swords |
| 7:52 | Improved Lumber Harvesting |
| 8:22 | Holy Light |
| 9:06 | Periapt of Vitality |
| 9:07 | Circlet of Nobility |
| 9:26 | Steel Forged Swords |
| 9:29 | Rifleman |
| 9:29 | Rifleman |
| 9:29 | Rifleman |
| 9:47 | Guard Tower |
| 10:19 | Goblin Shredder |
| 10:27 | Improved Masonry |
| 11:17 | Divine Shield |
| 11:49 | Scout Tower |
| 11:53 | Scout Tower |
| 11:59 | Scout Tower |
| 12:20 | Green Drake |
| 13:14 | Black Gunpowder |
| 13:14 | Studded Leather Armor |
| 13:16 | Castle |
| 13:20 | Advanced Masonry |
| 13:24 | Arcane Tower |
| 13:25 | Guard Tower |
| 14:10 | Gryphon Aviary |
| 14:15 | Refined Gunpowder |
| 14:17 | Rifleman |
| 14:18 | Long Rifles |
| 14:22 | Summon Water Elemental |
| 15:49 | Workshop |
| 15:50 | Storm Hammers |
| 15:52 | Imbued Masonry |
| 18:19 | Imbued Gunpowder |
| 18:20 | Reinforced Leather Armor |
| 18:20 | Mithril Forged Swords |
| 18:32 | Farm |
| 18:33 | Farm |
| 18:34 | Farm |
| 18:35 | Farm |
| 18:36 | Farm |
| 18:37 | Farm |
| 18:42 | Farm |
| 18:43 | Farm |
| 19:04 | Rifleman |
| 19:04 | Rifleman |
| 19:04 | Rifleman |
| 19:19 | Gryphon Rider |
| 19:20 | Gryphon Rider |
| 19:20 | Gryphon Rider |
| 19:45 | Holy Light |
| 19:55 | Brilliance Aura |
| 19:57 | Siphon Mana |
| 20:33 | Goblin Shredder |
| 21:22 | Dragonhide Armor |
| 21:31 | Scout Tower |
| 21:33 | Scout Tower |
| 21:37 | Scout Tower |
| 21:41 | Scout Tower |
| 22:03 | Town Hall |
| 22:33 | Flame Strike |
| 23:43 | Summon Water Elemental |
| 24:49 | Brilliance Aura |
| 25:06 | Resurrection |
| 26:00 | Siphon Mana |
| 26:07 | Flame Strike |
| 27:05 | Cannon Tower |
| 27:07 | Cannon Tower |
| 27:21 | Town Hall |
| 27:33 | Cannon Tower |
| 27:35 | Cannon Tower |
| 28:09 | Gryphon Rider |
| 28:09 | Gryphon Rider |
| 28:09 | Gryphon Rider |
| 28:09 | Gryphon Rider |
| 28:09 | Gryphon Rider |
| 28:09 | Gryphon Rider |
| 28:11 | Gryphon Rider |
| 28:16 | Rifleman |
| 28:17 | Rifleman |
| 28:17 | Rifleman |
| 28:17 | Rifleman |
| 28:17 | Rifleman |
| 28:17 | Rifleman |
| 28:17 | Rifleman |
| 30:26 | Peasant |
| 30:26 | Peasant |
| 30:49 | Gryphon Rider |
| 30:49 | Gryphon Rider |
| 33:03 | Summon Water Elemental |
| 33:31 | Divine Shield |
| 35:23 | Flame Strike |
| 37:31 | Mass Teleport |
| 41:46 | Summon Phoenix |
| Right click | 689 |
| Select group | 336 |
| Select | 297 |
| Build/train/purchase | 125 |
| Use ability | 71 |
| Assign group | 27 |
| Minimap ping | 8 |
| Esc | 7 |